 Dungeon Crawl Stone Soup version 0.29.0-4-gdea44cf6ec (webtiles) character file.

Game seed: 4366197270004421642

50 qw the Chopper (level 3, -1/21 HPs)
             Began as a Tengu Warper on Aug 28, 2022.
             Slain by an orc wizard
             ... wielding a +0 dagger of venom
              (3 damage)
             ... on level 3 of the Dungeon.
             The game lasted 00:00:08 (1425 turns).

qw the Chopper (Tengu Warper)                       Turns: 1425, Time: 00:00:09

Health: -1/21      AC:  5    Str: 13    XL:     3   Next: 79%
Magic:  7/7        EV: 11    Int: 13    God:
Gold:   51         SH:  0    Dex: 13    Spells: 6/6 levels left

rFire   . . .      SeeInvis .   Y - +0 hand axe
rCold   . . .      Faith    .   (no shield)
rNeg    . . .      Spirit   .   d - +0 ring mail
rPois   .          Reflect  .   (helmet restricted)
rElec   .          Harm     .   (no cloak)
rCorr   .          Rampage  .   (no gloves)
Will    .....                   (boots unavailable)
Stlth   ..........              (no amulet)
HPRegen 0.07/turn               (no ring)
MPRegen 0.10/turn               (no ring)

@: confused, lethally poisoned (-1 -> -6)
A: beak, talons 3
a: no special abilities


You were on level 3 of the Dungeon.
You visited 1 branch of the dungeon, and saw 4 of its levels.

You collected 51 gold pieces.


Innate Abilities, Weirdness & Mutations

You have a beak for a mouth.
You have claws for feet.


   Skills:
 - Level 2.0 Fighting
 + Level 4.4 Axes
 - Level 1.0 Throwing
 - Level 1.1 Armour
 - Level 2.1 Dodging
 - Level 2.0 Spellcasting
 - Level 2.4 Translocations


You had 6 spell levels left.
You didn't know any spells.
Your spell library contained the following spells:

 Spells                   Type           Power      Damage    Failure   Level
 Blink                    Tloc           14%        N/A       30%         2
 Gell's Gravitas          Tloc           7%         N/A       52%         3
 Lesser Beckoning         Tloc           7%         N/A       52%         3
 Teleport Other           Tloc           7%         N/A       52%         3
 Manifold Assault         Tloc           7%         N/A       99%         5

Inventory:

Hand Weapons
 f - a +0 whip
 Y - a +0 hand axe (weapon)
Armour
 d - a +0 ring mail (worn)
Potions
 g - a potion of curing {unknown}
 i - a potion of mutation {unknown}

Dungeon Overview and Level Annotations

Branches:
Dungeon (4/15)
 Temple: D:4-7

Altars:


Message History

You barely miss the orc wizard.
You claw the orc wizard, but do no damage.
The orc wizard misses you.
You miss the orc wizard. You claw the orc wizard.
You peck the orc wizard, but do no damage.
The orc wizard is moderately wounded.
The orc wizard hits you with a +0 dagger of venom.
You are poisoned.
You hit the orc wizard.
You claw the orc wizard, but do no damage.
You peck the orc wizard.
The orc wizard is heavily wounded.
You feel very sick.
The orc wizard gestures at you while chanting.
The puff of flame hits you.
You closely miss the orc wizard. Your kick misses the orc wizard.
The orc wizard is heavily wounded.
You feel sick.
The orc wizard hits you but does no damage.
You are lethally poisoned!
You barely miss the orc wizard. You claw the orc wizard.
The orc wizard is severely wounded.
You feel very sick. The orc wizard barely misses you.
You hit the orc wizard. Your kick misses the orc wizard.
The orc wizard is almost dead.
You feel sick. The orc wizard casts a spell at you.
You are confused.
You bump into the rock wall.
You feel sick.
The orc wizard points at you and mumbles some strange words.
The puff of flame misses you.
You barely miss the orc wizard. Your peck misses the orc wizard.
The orc wizard is almost dead.
You feel sick.
The orc wizard gestures at you while chanting.
The puff of flame misses you.
The orc wizard hits you with a +0 dagger of venom.
You die...

#..[..# #.....#
#####.....#
.........>#
#####...##
######## ##.##
.>....# #.#
#####.##.#####.#
#.....@........#
#.###o##.#######
#. #.# #. #.##
#. #..# #. ##.#
.. #.# ## #.#
#.#


You could see an orc wizard.

Vanquished Creatures
  A dart slug (D:1)
  3 orcs (D:3)
  5 ball pythons (D:1)
  2 endoplasms (D:1)
  3 giant cockroaches (D:1)
  4 goblins (D:1)
  3 hobgoblins (D:1)
  6 jackals (D:1)
  5 bats
  2 frilled lizards (D:1)
  3 kobolds (D:1)
  A rat (D:1)
38 creatures vanquished.

Notes
Turn   | Place    | Note
-------+----------+-------------------------------------------
     0 | D:1      | qw the Tengu Warper began the quest for the Orb.
     0 | D:1      | Reached XP level 1. HP: 12/12 MP: 4/4
     0 | D:1      | 0 ||| qw: Version: 0.1-a-89-g26bdef1
     0 | D:1      | 0 ||| qw: Game counter: 362
     0 | D:1      | 0 ||| qw: Always use a shield: true
     0 | D:1      | 0 ||| qw: God list: Okawaru
     0 | D:1      | 0 ||| qw: Allow faded altars: false
     0 | D:1      | 0 ||| qw: Do Orc after D:15 true
     0 | D:1      | 0 ||| qw: Do second Lair branch before Depths: true
     0 | D:1      | 0 ||| qw: Lair rune preference: random
     0 | D:1      | 0 ||| qw: Plans: Normal
     0 | D:1      | 0 ||| PLANNING D:1-11
    28 | D:1      | 28 ||| Stepping ~*~*~tactically~*~*~ (stealth).
   134 | D:1      | Reached XP level 2. HP: 13/17 MP: 6/6
   253 | D:1      | Reached skill level 3 in Axes
   386 | D:1      | 386 ||| Stepping ~*~*~tactically~*~*~ (stealth).
   388 | D:1      | 388 ||| Stepping ~*~*~tactically~*~*~ (stealth).
   393 | D:1      | 393 ||| Stepping ~*~*~tactically~*~*~ (stealth).
   407 | D:1      | 407 ||| Stepping ~*~*~tactically~*~*~ (stealth).
   412 | D:1      | Reached XP level 3. HP: 21/21 MP: 7/7
   435 | D:1      | 435 ||| Stepping ~*~*~tactically~*~*~ (stealth).
   596 | D:1      | Reached skill level 4 in Axes
   875 | D:1      | 875 ||| Stepping ~*~*~tactically~*~*~ (hiding).
  1046 | D:1      | Found a faded altar of an unknown god.
  1285 | D:1      | 1285 ||| UPGRADING to +0 ring mail.
  1295 | D:1      | 1295 ||| DROPPING +0 leather armour.
  1296 | D:1      | 1296 ||| READING scroll labelled TUOKUT FURI.
  1301 | D:1      | 1301 ||| READING scroll labelled SEECONO SICI.
  1302 | D:1      | 1302 ||| DROPPING scroll of blinking.
  1371 | D:2      | You fall into a shaft and drop 2 floors!
  1404 | D:3      | 1404 ||| Stepping ~*~*~tactically~*~*~ (stealth).
  1411 | D:3      | 1411 ||| Stepping ~*~*~tactically~*~*~ (stealth).
  1413 | D:3      | 1413 ||| Stepping ~*~*~tactically~*~*~ (hiding).
  1423 | D:3      | HP: 4/21 [poisoned by an orc wizard]
  1425 | D:3      | Slain by an orc wizard

Levels and vault maps discovered:
D:1:      lightli_arrival_boilingwater, layout_basic,
          hellmonk_ecumenical_altar_inner_sanctum, hex_large
D:2:      layout_basic, basic_altar, uniq_robin
D:3:      gammafunk_wand_slinger, layout_loops_ring,
          gammafunk_temple_overflow_elements
D:4:      layout_cave_pools, lemuel_round_altar, old_standard_altar,
          kennysheep_little_box, nicolae_stop_n_shop_1,
          hangedman_decor_clover_reticule, minmay_crossroads

Skill      XL: |  1  2  3 |
---------------+----------+-----
Axes           | 3 4 |  4.4
Fighting       | |  2.0
Throwing       | |  1.0
Armour         | |  1.1
Dodging        | |  2.1
Spellcasting   | |  2.0
Translocations | |  2.4

Action                   || total
-------------------------++-------
Melee: Hand axe          ||    78
       Kick              ||    20
       Peck              ||    10
       Punch             ||     1
Throw: Boomerang         ||     7
  Use: Scroll            ||     2
Armor: Leather armour    ||    17
       Ring mail         ||     1
Dodge: Dodged            ||    41

Table legend:
 A = Non-vault XP
 B = Vault XP
 C = Vault XP percentage of total XP
 D = Non-vault monster count
 E = Vault monster count
 F = Vault count percentage of total count
                 A         B        C        D         E       F
            +---------+---------+-------+---------+---------+-------
      Total |      72 |       0 |   0.0 |      38 |       0 |   0.0
            +---------+---------+-------+---------+---------+-------
        D:1 |      61 |       0 |   0.0 |      34 |       0 |   0.0
        D:2 |       2 |       0 |   0.0 |       1 |       0 |   0.0
        D:3 |       9 |       0 |   0.0 |       3 |       0 |   0.0
            +---------+---------+-------+---------+---------+-------
